 Dungeon Sprint DCSS version 0.18.1-8-gdd0e5ea (webtiles) character file.

3273 Groucho the Prestidigitator (level 9, 0/88 HPs)
             Began as a Deep Dwarf Necromancer on May 23, 2016.
             Was the Champion of Makhleb.
             Killed from afar by a catoblepas (3 damage)
             ... with a blast of calcifying dust
             ... in the Dungeon (Sprint IX: "|||||||||||||||||||||||||||||").
             The game lasted 00:12:16 (1882 turns).

Groucho the Prestidigitator (DDNe)                  Turns: 1882, Time: 00:12:16

Health: 0/88       AC: 17    Str: 13    XL:     9   Next: 68%
Magic:  18/18      EV:  2    Int: 18    God:    Makhleb [******]
Gold:   0          SH:  0    Dex: 16    Spells: 4 memorised, 14 levels left

rFire  . . .     SeeInvis .     n - +2 halberd (venom)
rCold  . . .     Gourm    .     q - +1 chain mail
rNeg   + + +     Faith    .     (shield currently unavailable)
rPois  ∞         Spirit   .     (no helmet)
rElec  .         Dismiss  .     p - +0 cloak
rCorr  .         Reflect  .     (no gloves)
SustAt .         Harm     .     o - +0 pair of boots
MR     +....     NoTele   +     (no amulet)
Stlth  ..........               s - +2 ring of protection
                                r - +3 ring of dexterity

@: petrified, non-regenerating, somewhat resistant to hostile enchantments,
extremely unstealthy
A: damage resistance, recharge devices, sense surroundings 2, slow regeneration
3
a: Device Recharging, Minor Destruction, Lesser Servant of Makhleb, Major
Destruction, Greater Servant of Makhleb, Renounce Religion


You were in the Dungeon.
You worshipped Makhleb.
Makhleb was exalted by your worship.
You were not hungry.

You visited 1 branch

Inventory:

Hand Weapons
 k - a +0 short sword
 n - a +2 halberd of venom (weapon)
Armour
 a - a +0 robe
 o - a +0 pair of boots (worn)
 p - a +0 cloak (worn)
 q - a +1 chain mail (worn)
Jewellery
 r - a +3 ring of dexterity (left hand)
 s - a +2 ring of protection (right hand)
Wands
 c - a wand of heal wounds (1/9)
 m - a wand of iceblast (3/15)
Scrolls
 i - 4 scrolls of remove curse
 j - 2 scrolls of blinking
 l - 2 scrolls of amnesia
 u - a scroll of fear
 v - a scroll of identify
 w - 2 scrolls of enchant armour
 x - a scroll of recharging
Potions
 d - 6 potions of heal wounds
 e - 5 potions of curing
 f - a potion of brilliance
 g - 3 potions of cure mutation
 h - 4 potions of magic
Books
 b - a book of Necromancy

   Spells                             Type                      Level
   a - Pain                           Necromancy                   1
   b - Animate Skeleton               Necromancy                   1
   c - Vampiric Draining              Necromancy                   3
   d - Regeneration                   Charms/Necromancy            3
   e - Animate Dead                   Necromancy                   4
   f - Control Undead                 Necromancy                   4
 t - a book of Unlife

   Spells                             Type                      Level
   a - Recall                         Summoning/Translocation      3
   b - Animate Dead                   Necromancy                   4
   c - Control Undead                 Necromancy                   4
   d - Cigotuvi's Embrace             Necromancy                   5
   e - Death Channel                  Necromancy                   6
   f - Simulacrum                     Ice/Necromancy               6
Comestibles
 z - 13 chunks of flesh


   Skills:
 * Level 8.1 Fighting
 * Level 6.6 Polearms
 * Level 9.6 Armour
 * Level 9.9 Dodging
 - Level 2.4 Stealth
 - Level 0.5 Unarmed Combat
 * Level 7.6 Spellcasting
 * Level 9.4 Necromancy
 + Level 5.5 Invocations
 * Level 11.2 Evocations


You had 14 spell levels left.
You knew the following spells:

 Your Spells              Type           Power        Failure   Level  Hunger
a - Pain                  Necr           ####         4%          1    None
b - Animate Skeleton      Necr           N/A          4%          1    None
c - Vampiric Draining     Necr           #####.....   14%         3    #......
d - Animate Dead          Necr           N/A          38%         4    ###....


Dungeon Overview and Level Annotations

Branches:
Dungeon (1/1)

Altars:
Cheibriados
Dithmenos
Elyvilon
Fedhas
Gozag
Kikubaaqudgha
Makhleb
Nemelex Xobeh
Okawaru
Pakellas
Qazlal
Ru
Sif Muna
Trog
Vehumet
Xom
Yredelemnul
Zin
The Shining One
Beogh
Jiyva
Lugonu


Innate Abilities, Weirdness & Mutations

You are resistant to damage.
You can recharge devices by infusing magical energy.
You passively map the area around you.
You do not regenerate naturally.


Message History

Your elephant skeleton is engulfed in calcifying dust.
The yak snorts and paws the ground.
The catoblepas breathes a plume of calcifying dust at you.
The blast of calcifying dust hits you!
The blast of calcifying dust hits your elephant skeleton.
You are engulfed in calcifying dust.
Your elephant skeleton is engulfed in calcifying dust.
The catoblepas gores you!!
* * * LOW HITPOINT WARNING * * *
You are engulfed in calcifying dust.
Your elephant skeleton is no longer petrified.
Your elephant skeleton is engulfed in calcifying dust.
Your elephant skeleton is moving more slowly.
The catoblepas gores you.
You are engulfed in calcifying dust.
The catoblepas gores you but does no damage.
The catoblepas breathes a plume of calcifying dust at you.
The blast of calcifying dust hits the catoblepas.
The blast of calcifying dust hits you!
You die...

* *
▓.▓.▓ ,
*,
▓Y▓.▓.▓
*
▓Y▓.▓.▓
*
▓Y▓.▓.▓
, * * *
▓Y▓.▓.▓
,
▓Y▓.▓)▓
* *
,▓Y▓.▓|▓
, *, *
▓Y▓.▓.▓
* ,* *,*
*
▓@▓.▓.▓
* *, ,
,▓Z▓.▓'▓
*
▓§▓.▓_▓
*
▓Z▓.▓_▓
* , , ,
▓.▓.▓_▓
* +*, ,
▓.▓.▓_▓
* * *
▓.▓.▓_▓
, , , *
▓.▓.▓_▓
, * ,
▓.▓.▓_▓


You could see 3 death yaks, 2 catoblepae, 2 yaks and a friendly elephant
skeleton (petrifying).

Vanquished Creatures
  A hill giant (D)
  An elephant (D)
  A troll (D)
  A blink frog (D)
  2 hippogriffs (D)
  A yak (D)
  2 basilisks (D)
  A vampire mosquito (D)
  A water moccasin (D)
  3 porcupines (D)
  An ice beast (D)
  A wolf (D)
  2 ogres (D)
  A crocodile (D)
  A big kobold (D)
  3 giant frogs (D)
  2 scorpions (D)
  A crimson imp (D)
  An orc priest (D)
  A hound (D)
  3 iguanas (D)
  An orc wizard (D)
  An adder (D)
  A giant cockroach (D)
  A goblin (D)
  A hobgoblin (D)
  A giant gecko skeleton (D)
  A giant newt (D)
  2 kobolds (D)
40 creatures vanquished.

Vanquished Creatures (others)
  A yak (D)
1 creature vanquished.

Grand Total: 41 creatures vanquished

Notes
Turn   | Place    | Note
--------------------------------------------------------------
     0 | D        | Groucho the Deep Dwarf Necromancer began the quest for the Orb.
     0 | D        | Reached XP level 1. HP: 15/15 MP: 3/3
    39 | D        | Reached skill level 1 in Armour
    39 | D        | Reached skill level 1 in Evocations
   579 | D        | Noticed a scorpion
   579 | D        | Noticed a crimson imp
   579 | D        | Noticed an ice beast
   579 | D        | Noticed an ogre
   585 | D        | Killed an ogre
   585 | D        | Reached skill level 5 in Necromancy
   585 | D        | Reached skill level 4 in Evocations
   585 | D        | Reached XP level 2. HP: 28/28 MP: 3/5
   585 | D        | Reached XP level 3. HP: 34/34 MP: 3/6
   585 | D        | Reached XP level 4. HP: 42/42 MP: 4/8
   593 | D        | Killed an ice beast
   593 | D        | Reached skill level 5 in Dodging
   593 | D        | Reached skill level 5 in Evocations
   593 | D        | Reached XP level 5. HP: 50/50 MP: 4/10
   598 | D        | Reached skill level 5 in Armour
   598 | D        | Reached skill level 6 in Evocations
   627 | D        | Found a glowing silver altar of Zin.
   627 | D        | Found a glowing golden altar of the Shining One.
   627 | D        | Found an ancient bone altar of Kikubaaqudgha.
   627 | D        | Found a basalt altar of Yredelemnul.
   627 | D        | Found a shimmering altar of Xom.
   627 | D        | Found a radiant altar of Vehumet.
   628 | D        | Found an iron altar of Okawaru.
   629 | D        | Found a burning altar of Makhleb.
   630 | D        | Found a deep blue altar of Sif Muna.
   631 | D        | Found a bloodstained altar of Trog.
   632 | D        | Found a sparkling altar of Nemelex Xobeh.
   633 | D        | Found a white marble altar of Elyvilon.
   634 | D        | Found a roughly hewn altar of Beogh.
   635 | D        | Found a viscous altar of Jiyva.
   636 | D        | Found a corrupted altar of Lugonu.
   637 | D        | Found a blossoming altar of Fedhas.
   638 | D        | Found a snail-covered altar of Cheibriados.
   641 | D        | Became a worshipper of Makhleb the Destroyer
   644 | D        | Found a shadowy altar of Dithmenos.
   645 | D        | Found a stormy altar of Qazlal.
   646 | D        | Found an opulent altar of Gozag.
   647 | D        | Found a sacrificial altar of Ru.
   648 | D        | Found an oddly glowing altar of Pakellas.
   699 | D        | Noticed an ogre
   713 | D        | Reached XP level 6. HP: 27/58 MP: 10/12
   736 | D        | Reached * piety under Makhleb
   736 | D        | Reached skill level 5 in Fighting
   736 | D        | Reached skill level 1 in Polearms
   736 | D        | Reached skill level 5 in Spellcasting
   736 | D        | Reached skill level 7 in Evocations
   778 | D        | Reached ** piety under Makhleb
   778 | D        | Reached skill level 8 in Evocations
   805 | D        | Reached XP level 7. HP: 22/67 MP: 14/14
   939 | D        | Learned a level 1 spell: Animate Skeleton
   948 | D        | Noticed a troll
   948 | D        | Noticed a hill giant
   948 | D        | Noticed a vampire mosquito
   952 | D        | Killed a vampire mosquito
   952 | D        | Reached skill level 1 in Invocations
   975 | D        | Killed a hill giant
   975 | D        | Reached *** piety under Makhleb
   975 | D        | Reached skill level 9 in Evocations
   987 | D        | Reached XP level 8. HP: 53/78 MP: 16/16
  1013 | D        | Killed a troll
  1013 | D        | Reached **** piety under Makhleb
  1417 | D        | Learned a level 3 spell: Vampiric Draining
  1422 | D        | Learned a level 4 spell: Animate Dead
  1452 | D        | Reached ***** piety under Makhleb
  1452 | D        | Reached skill level 5 in Polearms
  1462 | D        | Reached skill level 10 in Evocations
  1690 | D        | Gained mutation: You passively map the area around you. [Deep Dwarf growth]
  1690 | D        | Reached XP level 9. HP: 37/86 MP: 13/17
  1719 | D        | Noticed an elephant
  1727 | D        | Reached ****** piety under Makhleb
  1745 | D        | Killed an elephant
  1745 | D        | Reached skill level 5 in Invocations
  1767 | D        | Reached skill level 11 in Evocations
  1838 | D        | Noticed a catoblepas
  1838 | D        | Noticed a death yak
  1838 | D        | Noticed a death yak
  1838 | D        | Noticed a catoblepas
  1842 | D        | Noticed a death yak
  1880 | D        | HP: 3/88 [catoblepas (11)]
  1882 | D        | Killed from afar by a catoblepas

Skill      XL: |  1  2  3  4  5  6  7  8  9 |
---------------+----------------------------+-----
Armour         | 3 4 5 6 7 8 9 |  9.6
Spellcasting   | 3 4 5 6 7 |  7.6
Evocations     | 4 5 6 8 9 10 11 | 11.2
Fighting       | 3 4 5 6 7 8 |  8.1
Dodging        | 4 5 6 7 8 9 |  9.9
Necromancy     | 5 6 7 8 9 |  9.4
Polearms       | 2 4 5 6 |  6.6
Invocations    | 2 4 5 |  5.5
Stealth        | |  2.4
Unarmed Combat | |  0.5

Action                   |  1- 3 |  4- 6 |  7- 9 || total
-------------------------+-------+-------+-------++-------
Melee: Unarmed           |    60 |       |       ||    60
       Short sword       |     4 |   137 |    44 ||   185
       Halberd           |       |       |   123 ||   123
 Cast: Animate Skeleton  |       |       |    14 ||    14
       Vampiric Draining |       |       |     7 ||     7
Invok: Major Destruction |       |       |     1 ||     1
       Greater Servant o |       |       |     1 ||     1
 Abil: Device Recharging |     1 |       |     1 ||     2
Evoke: Wand              |     2 |     5 |     7 ||    14
  Use: Potion            |     2 |       |     4 ||     6
 Stab: Invisible         |       |       |     4 ||     4
  Eat: Bread ration      |       |       |     1 ||     1
       Chunk             |       |       |     1 ||     1
Armor: Robe              |     5 |     2 |       ||     7
       Chain mail        |       |    45 |   129 ||   174
Dodge: Dodged            |    35 |    53 |   104 ||   192
